woodfighter, chaotic female orcish Cavewoman --- ----------------- --- -----.--- ---- --..--.--........| ---.-- ---.--....| --..| --..............-.--- |....| |.........| ----...| ----- |.....--...--<......--|..(-- |........-- |.....-- |...| |....----.-----......-|...| ---......----...------%..| --...| --- |.......|-..| ---.....||....|..|.Q%--- --.-- --......|...-- .|.| |.....|--.|.|..|.--- --- --...%.......--- ...--- --.....----|......----- ------ |.....%........||................-----.........------- ---....-- ----- --.--...........-|.|....^..[......................--..| |.......|---...| |.---............|.|--...---.......------.--.|........| |......-|......| ---..|...............| ---.| --.......| |.|--|.......-- ---....||.....-----....................| --- |.......| |.|---.---...-- --...----..-|--........).....^.....|.| --------- |.||...| |..^.| |....---...--.......[.......-----.|.| |.--.--- ---..| -...........*..>............| |...-- |....| ---- ........................|...| ---..| |..-- ----..-----.--..|.-----|..-- |..| |..| |..| --------- ---- ---- |..| ---- ---- woodfighter the Young Cave Woman Experience level: 8 Strength: 18/09 Dexterity: 13 Constitution: 18 Intelligence: 10 Wisdom: 7 Charisma: 6 Health: 0(76) Energy: 16(16) Def: 10 Gold: 24 Moves: 3769 Dungeon seed: rF93rY8QcQx119gv Game ID: woodfighter_1475316478 Your Inventory: Coins $ - 24 gold pieces Weapons a - a +1 club (weapon in hand) f - a +0 bow i - 14 blessed +0 arrows j - a cursed +0 bow A - 34 +0 arrows Armor e - an uncursed +0 dwarvish cloak l - an uncursed +0 pair of iron shoes (being worn) n - an uncursed +0 dented pot (being worn) p - an uncursed +0 dwarvish cloak r - an uncursed +0 dwarvish cloak u - an uncursed +0 dwarvish cloak v - a blessed +1 dwarvish cloak (being worn) z - an uncursed +0 dwarvish cloak E - a blessed +0 orcish shield (being worn) N - an uncursed +0 dwarvish cloak U - an uncursed +0 dwarvish mithril-coat (being worn) Y - an uncursed +0 dwarvish cloak Comestibles c - 2 uncursed fortune cookies d - an uncursed tin of lichen h - an uncursed lichen corpse m - 2 uncursed tins of gnome meat B - an uncursed food ration F - an uncursed pancake Potions o - an uncursed potion of gain energy C - a cursed potion of invisibility Rings D - a cursed ring of teleportation Wands b - a wand of striking (0:2) k - a wand of magic missile (0:8) Tools q - a +0 unicorn horn s - an uncursed bag of holding t - an uncursed tallow candle (0:200) w - an uncursed magic whistle x - a +0 pick-axe y - an uncursed skeleton key K - an uncursed magic lamp M - an uncursed oil lamp (0:1127) Q - an uncursed towel V - an uncursed oil lamp (0:1333) Contents of the bag of holding: 282 gold pieces 2 [uncursed] scrolls of identify a [uncursed] scroll of teleportation a [uncursed] scroll of water a [uncursed] potion of see invisible Spells and supernatural/magical abilities: Name Level Category Fail Memory W - pray for help -- divine ? -- Your skills at the end: Miscellaneous Skills bare handed combat [Basic] Weapon Skills scimitar [Basic] club [Basic] sling [Basic] Spellcasting Skills Final Attributes: You were piously aligned. You were poison resistant. Your writing hand was ok. You had infravision. You were invisible. You were somewhat stealthy. You were fast. You are dead. Vanquished creatures: a giant mimic a large cat a giant spider 3 gnome kings a brown pudding 3 Green-elves a gold golem 2 dwarf lords a gray unicorn a raven a quasit 9 gnome lords 4 gnomish wizards a kobold mummy a floating eye a kitten 19 dwarves 2 kobold lords a rothe 2 giant bats a dwarf zombie 2 coyotes 3 hobbits a large kobold a red mold 46 gnomes 5 jackals a fox 2 kobolds 3 newts a sewer rat 3 grid bugs 2 lichens 127 creatures vanquished. Voluntary challenges: You did not adorn yourself with jewelry or accessories. You did not cause conflict. You did not have reflection. You were not displaced. You had been an atheist until turn 2021. You used a wielded weapon 224 times, starting on turn 62. You did not use plumbed fixtures. You did not drink any magical draughts. You read items or engraved 1 time, starting on turn 2143. You never genocided any monsters. You never polymorphed an object. You changed form 1 time, starting on turn 3090. You used no wishes. You never split a pudding. You never wrote Elbereth's name. You never violated your personal moral code. Dungeon overview: The Dungeons of Doom: levels 1 to 3 Level 1 (locked) a long staircase Level 2 (water) a scroll shop stairs to The Gnomish Mines Level 3 a fountain The Gnomish Mines: levels 3 to 10 Level 3 stairs to The Dungeons of Doom Level 4 Level 5 Level 6 many shops, a temple to Anu, a magic chest, some fountains Level 7 Level 8 <- You were here Level 9 Level 10 History has recorded: On T:1 you entered the Dungeons of Doom to retrieve the Amulet of Yendor! On T:218 you reached level 2 of The Dungeons of Doom. On T:466 you advanced to experience level 2. On T:536 you reached level 1 of The Gnomish Mines. On T:580 you reached level 3 of The Dungeons of Doom. On T:748 you advanced to experience level 3. On T:863 you advanced to experience level 4. On T:926 you reached level 2 of The Gnomish Mines. On T:962 you advanced to experience level 5. On T:1564 you reached level 3 of The Gnomish Mines. On T:1574 you advanced to experience level 6. On T:1657 you reached level 5 of The Gnomish Mines. On T:1808 you reached level 6 of The Gnomish Mines. On T:1895 you reached level 4 of The Gnomish Mines. On T:1985 you advanced to experience level 7. On T:1991 you entered the Minetown temple On T:2091 you opened a magic chest. On T:2363 you prayed to Anshar. On T:3068 you reached level 7 of The Gnomish Mines. On T:3330 you reached level 8 of The Gnomish Mines. On T:3330 you reached the bottom of the Mines. On T:3381 you advanced to experience level 8. Score breakdown: Gold: 306 ( 30 points) Experience: 8 levels ( 700 points) Exploration: 10 levels ( 270 points) Discoveries: 24 items ( 1200 points) Variety of kills: 33 monsters ( 1650 points) Major goal: reached Mine's End ( 1000 points) Survival: died (score multiplied by 3) Total score: 14550 Latest messages: The Green-elf swings his runed broadsword at something. The Green-elf hacks you! You hit the Green-elf! The Green-elf swings his runed broadsword at something. The Green-elf misses. You hit the Green-elf! The Green-elf swings his runed broadsword at something. The Green-elf misses. You kill the Green-elf! There are several objects here. The Green-elf wields a runed short sword! The Green-elf wields a runed broadsword! You hit the Green-elf! The Green-elf thrusts his runed short sword at something. The Green-elf stabs you! You hit the Green-elf! The Green-elf thrusts his runed short sword at something. The Green-elf misses. You hit the Green-elf! The Green-elf thrusts his runed short sword at something. The Green-elf stabs you! You kill the Green-elf! You move more freely. There are several objects here. The Green-elf swings her runed broadsword at something. The Green-elf slashes you! You die... Final status: Goodbye woodfighter the Cavewoman, killed by a Green-elf... You died in The Gnomish Mines on dungeon level 8 with 14550 points, and 306 pieces of gold, after 3769 moves. You were level 8 with a maximum of 76 hit points when you died.